 Dungeon Crawl Stone Soup version 0.28-a0-850-g09de17f5b5 (webtiles) character file.

Game seed: 7717877662857106062

79 wakim the Ruffian (level 4, -1/38 HPs)
             Began as a Ghoul Gladiator on Nov 13, 2021.
             Slain by a gnoll (5 damage)
             ... on level 2 of the Dungeon.
             The game lasted 00:04:43 (1556 turns).

wakim the Ruffian (Ghoul Gladiator)                 Turns: 1556, Time: 00:04:43

Health: -1/38      AC:  9    Str: 17    XL:     4   Next: 38%
Magic:  3/3        EV: 11    Int:  4    God:
Gold:   100        SH:  0    Dex: 10    Spells: 3/3 levels left

rFire   . . .      SeeInvis .     - Unarmed
rCold   + . .      Faith    .   (no shield)
rNeg    + + +      Spirit   .   g - +0 ring mail
rPois   ∞          Reflect  .   b - +0 helmet
rElec   .          Harm     .   n - +0 cloak
rCorr   .          Rampage  .   (no gloves)
Will    .....                   m - +1 pair of boots
Stlth   ..........              (no amulet)
HPRegen 0.00/turn               (no ring)
MPRegen 0.08/turn               (no ring)

@: inhibited regen
A: claws 1, cold resistance 1, negative energy resistance 3, inhibited
regeneration, torment resistance 2
a: no special abilities


You were on level 2 of the Dungeon.
You visited 1 branch of the dungeon, and saw 2 of its levels.

You collected 100 gold pieces.

Inventory:

Missiles
 c - 3 throwing nets (quivered) {=f!f}
 j - 2 curare-tipped darts {=f}
Armour
 b - a +0 helmet (worn)
 g - a +0 ring mail (worn)
 m - a +1 pair of boots (worn)
 n - a +0 cloak (worn)
Scrolls
 a - 3 scrolls of identify {unknown}
 d - 2 scrolls of summoning {unknown}
 f - 2 scrolls of amnesia {unknown}
 h - a scroll of fear {unknown}
 i - a scroll of fog {unknown}
 o - a scroll of magic mapping {unknown}
 p - a scroll of brand weapon {unknown}
Potions
 e - 2 potions of degeneration {unknown}
 k - a potion of might {unknown}
 l - a potion of curing {unknown}


   Skills:
 + Level 3.3 Fighting
 - Level 1.7 Throwing
 - Level 2.6 Dodging
 * Level 5.0 Unarmed Combat


You had 3 spell levels left.
You didn't know any spells.
Your spell library contained the following spells:

 Spells                   Type           Power      Damage    Failure   Level
 Animate Skeleton         Necr           0%         N/A       71%         1
 Pain                     Necr           0%         1d4       71%         1
 Vampiric Draining        Necr           0%         2d6       97%         3


Dungeon Overview and Level Annotations

Branches:
Dungeon (2/15)

Altars:


Innate Abilities, Weirdness & Mutations

You thrive by killing the living.
You are immune to poison.
You have sharp fingernails.
Your flesh is cold resistant. (rC+)
You are immune to negative energy. (rN+++)
You do not regenerate when monsters are visible.
You are immune to unholy pain and torment.


Message History

You feel better.
p - a scroll labelled UCKAET BIAT You see here a +0 club.
You see here a +0 halberd.
A bat comes into view.
The bat misses you.
You scratch the bat.
You kill the bat!
You feel better.
Your Unarmed Combat skill increases to level 5!
You see here a +0 club.
You see here a +2 vampiric whip.
You see here a +0 whip.
You see here a +0 halberd.
a - 3 scrolls labelled HIFFAC SYEDAYF (gained 1)
Found 9 gold pieces.
You now have 100 gold pieces (gained 9).
A gnoll comes into view. It is wielding a +0 club.
The gnoll shouts!
A gnoll comes into view. It is wielding a +0 halberd.
The gnoll closely misses you. The gnoll closely misses you.
The gnoll hits you with a +0 halberd.
You claw the gnoll!
The gnoll is severely wounded.
The gnoll hits you with a +0 club. The gnoll hits you with a +0 halberd.
You scratch the gnoll but do no damage.
The gnoll is severely wounded.
The gnoll barely misses you. The gnoll hits you with a +0 halberd!
* * * LOW HITPOINT WARNING * * *
You scratch the gnoll.
The gnoll is severely wounded.
The gnoll hits you with a +0 club.
* * * LOW HITPOINT WARNING * * *
The gnoll hits you with a +0 halberd!
* * * LOW HITPOINT WARNING * * *
You closely miss the gnoll.
The gnoll is severely wounded.
The gnoll hits you with a +0 club.
You die...

##.#.....<.#.## .# ##.##.####
#..........#.####.# ##...#.#...
##.#........).).#.# #......#.##
#.#.........##.#.# #..........#
###.#.......####.#.# ##......#..#
#...#........###..# #.....#.#..#
#.###..........#.## .....#.....#
#.# #......#.#.g## ...........#
#.###.#..###.#.#@## .....#...#.#
..##.......#...g..# ............
.........#.#...###......#########
..##.............................
#.###....#.#.#.##################
..# #............ # ###
###.##.#####.# # #.##.# .# #
#.##.# # #


You could see 2 gnolls.

Vanquished Creatures
  2 gnolls (D:2)
  An adder (D:2)
  2 dart slugs
  3 ball pythons
  2 endoplasms (D:1)
  5 giant cockroaches
  6 goblins
  3 hobgoblins
  A jackal (D:1)
  2 quokkas
  8 bats
  A frilled lizard (D:2)
  3 kobolds (D:1)
  5 rats
44 creatures vanquished.

Notes
Turn   | Place    | Note
-------+----------+-------------------------------------------
     0 | D:1      | wakim the Ghoul Gladiator began the quest for the Orb.
     0 | D:1      | Reached XP level 1. HP: 17/17 MP: 0/0
   102 | D:1      | Reached XP level 2. HP: 23/25 MP: 1/1
   389 | D:1      | Reached skill level 4 in Unarmed Combat
   475 | D:1      | Reached XP level 3. HP: 30/30 MP: 2/2
  1403 | D:2      | Reached XP level 4. HP: 38/38 MP: 3/3
  1456 | D:2      | Reached skill level 5 in Unarmed Combat
  1556 | D:2      | Slain by a gnoll

Illustrated notes

Levels and vault maps discovered:
D:1:      minmay_arrival_cross, layout_basic, minmay_pentomino_q4
D:2:      minmay_angry_zag, layout_loops_ring, minmay_fractal_squares_gapless_5

Skill      XL: |  1  2  3  4 |
---------------+-------------+-----
Unarmed Combat | 4 5 |  5.0
Fighting       | 3 |  3.3
Throwing       | |  1.7
Dodging        | |  2.6

Action                   |  1- 3 |  4- 6 || total
-------------------------+-------+-------++-------
Melee: Unarmed           |   118 |    16 ||   134
       Punch             |     3 |       ||     3
Armor: Leather armour    |    11 |       ||    11
       Ring mail         |    27 |     4 ||    31
Dodge: Dodged            |    71 |    11 ||    82

Table legend: (Time is in decaauts)
 A = Elapsed time spent in this place.
 B = Non-inter-level travel time spent in this place.
 C = Inter-level travel time spent in this place.
 D = Time resting spent in this place.
 E = Time spent auto-exploring this place.
 F = Levels seen in this place.
 G = Mean time per level.
                   A        B        C        D        E       F      G
               +--------+--------+--------+--------+--------+-----+--------+
         Total |   1545 |   1465 |     80 |      0 |   1110 |   2 |  772.5 |
       Dungeon |   1545 |   1465 |     80 |      0 |   1110 |   2 |  772.5 |
               +--------+--------+--------+--------+--------+-----+--------+

Top non-repeatable levels by time:
     D:1: 1016 daAuts
     D:2: 528 daAuts
